 Dungeon Crawl Stone Soup version 0.20-a0-641-g673355a (webtiles) character file.

11481 Kiturien the Zephyrmancer (level 11, -20/64 HPs)
             Began as a Tengu Air Elementalist on Feb 13, 2017.
             Was a Priest of Vehumet.
             Killed from afar by a hell hound (25 damage)
             ... with a blast of flame
             ... led by Azrael
             ... on level 11 of the Dungeon on Feb 14, 2017.
             The game lasted 02:09:10 (14882 turns).

Kiturien the Zephyrmancer (Tengu Air Elementalist) Turns: 14882, Time: 02:09:10

Health: -20/64     AC:  3    Str: 11    XL:     11   Next: 78%
Magic:  20/26      EV: 17    Int: 18    God:    Vehumet [***...]
Gold:   450        SH:  0    Dex: 15    Spells: 3/31 levels left

rFire    . . .     SeeInvis +   a - +8 hand crossbow of a bazaar {elec, +Inv Str+2 Stlth+}
rCold    + . .     Gourm    .   C - +0 robe
rNeg     . . .     Faith    .   (no shield)
rPois    .         Spirit   .   (helmet restricted)
rElec    .         Reflect  .   F - scarf {repulsion}
rCorr    .         Harm     .   S - +0 pair of gloves
MR       .....                  (boots unavailable)
Stlth    +++.......             G - amulet of magic regeneration
Regen    0.2/turn               r - +4 ring of evasion
MPRegen  0.3/turn               u - ring of see invisible

@: swift, repel missiles, very quick
A: beak, talons 3, cold resistance 1, wild magic 1, able to fly 1
a: Fly, Renounce Religion, Evoke Invisibility


You were on level 11 of the Dungeon.
You worshipped Vehumet.
Vehumet was most pleased with you.
You were not hungry.

You visited 2 branches of the dungeon, and saw 13 of its levels.
You also visited: Ossuary.

You collected 645 gold pieces.
You spent 195 gold pieces at shops.

Inventory:

Hand Weapons
 a - the +8 hand crossbow of a bazaar (weapon) {elec, +Inv Str+2 Stlth+}
   (You bought it in a shop on level 7 of the Dungeon)

   It charges the ammunition it shoots with electricity; occasionally upon a
   hit, such missiles may discharge and cause terrible harm.
   It affects your strength (+2).
   It lets you turn invisible.
   It makes you more stealthy.
 b - a +0 rapier of holy wrath
 M - a +3 scimitar of flaming
Missiles
 H - 59 bolts (quivered)
Armour
 C - a +0 robe (worn)
 F - a scarf of repulsion (worn)
 S - a +0 pair of gloves (worn)
Jewellery
 j - an uncursed ring of poison resistance
 r - a +4 ring of evasion (right hand)
 t - a +6 ring of dexterity
 u - a ring of see invisible (left hand)
 z - a +4 ring of evasion
 G - an amulet of magic regeneration (around neck)
 O - an uncursed ring of fire
 Q - an uncursed amulet of regeneration
Wands
 K - a wand of polymorph (13/24)
 L - a wand of flame (20/48)
 R - a wand of iceblast (9/15)
Scrolls
 d - 4 scrolls of remove curse
 f - 3 scrolls of immolation
 g - a scroll of recharging {unknown}
 i - a scroll of blinking
 l - 3 scrolls of teleportation
 p - 3 scrolls of fear
 q - 3 scrolls of magic mapping
 v - 4 scrolls of identify
 y - 3 scrolls of enchant armour {unknown}
 A - 2 scrolls of fog {unknown}
 J - 4 scrolls of enchant weapon
Potions
 e - 2 potions of haste
 k - 5 potions of flight
 o - 10 potions of curing
 s - a potion of might
 w - 2 potions of brilliance
 D - 2 potions of agility
 E - 2 potions of magic
 I - a potion of ambrosia
 P - a potion of cancellation
Books
 x - a book of Air

   Spells                             Type                      Level
   a - Shock                          Conjuration/Air              1
   b - Swiftness                      Charms/Air                   2
   c - Static Discharge               Conjuration/Air              3
   d - Airstrike                      Air                          4
   e - Lightning Bolt                 Conjuration/Air              5
 B - a book of Battle

   Spells                             Type                      Level
   a - Infusion                       Charms                       1
   b - Shroud of Golubria             Charms/Translocation         2
   c - Song of Slaying                Charms                       2
   d - Spectral Weapon                Hexes/Charms                 3
   e - Regeneration                   Charms/Necromancy            3
Miscellaneous
 N - a fan of gales
Comestibles
 c - 7 bread rations
 h - 5 meat rations
 m - 10 royal jellies
 n - 14 fruits


   Skills:
 - Level 5.2 Fighting
 - Level 3.2 Crossbows
 - Level 3.3 Dodging
 - Level 2.3 Stealth
 + Level 10.9 Spellcasting
 - Level 7.7 Conjurations
 - Level 2.1 Hexes
 - Level 3.5 Charms
 - Level 2.1 Necromancy
 - Level 2.0 Translocations
 - Level 2.1 Fire Magic
 - Level 1.8 Ice Magic
 - Level 11.3 Air Magic


You had 3 spell levels left.
You knew the following spells:

 Your Spells              Type           Power        Failure   Level  Hunger
a - Shock                 Conj/Air       ####         1%          1    None
b - Swiftness             Chrm/Air       #####...     1%          2    None
c - Airstrike             Air            ######....   1%          4    ##.....
d - Static Discharge      Conj/Air       ######..     1%          3    None
e - Lightning Bolt        Conj/Air       ######....   2%          5    #####..
f - Shroud of Golubria    Chrm/Tloc      ####......   6%          2    None
g - Regeneration          Chrm/Necr      ####......   14%         3    None
h - Freeze                Ice            ###.         1%          1    None
i - Flame Tongue          Conj/Fire      #####        1%          1    None
j - Inner Flame           Hex/Fire       ###.....     4%          3    None
k - Conjure Flame         Conj/Fire      #####...     1%          3    None


Dungeon Overview and Level Annotations

Branches:
Dungeon (12/15)            Temple (1/1) D:6            Lair (0/6) D:9
    Orc: D:9-12

Altars:
Ashenzari
Cheibriados
Dithmenos
Elyvilon
Fedhas
Gozag
Hepliaklqana
Kikubaaqudgha
Makhleb
Nemelex Xobeh
Okawaru
Qazlal
Ru
Sif Muna
Trog
Uskayaw
Vehumet
Xom
Yredelemnul
Zin
The Shining One

Shops:
D:7 (   D:8 ?[

Annotations:
D:12 Azrael; Oki's ghost, journeyman OpMo


Innate Abilities, Weirdness & Mutations

You have a beak for a mouth.
You have claws for feet.
You can fly.
Your flesh is cold resistant. (rC+)
Your spells are a little harder to cast, but a little more powerful.


Message History

An orc comes into view. It is wielding a short sword.
The hell hound bites you. x2
Oki's ghost hits you but does no damage.
The fire elemental completely misses you.
The hell hound breathes flames at you. The blast of flame misses you.
You climb upwards.
There is a stone staircase leading down here.
Casting: Static Discharge
Confirm with . or Enter, or press ? or * to list all spells.
You feel quick. The hell hound breathes flames at you.
The blast of flame hits you!
* * * LOW HITPOINT WARNING * * *
The blast of flame hits the hell hound.
The hell hound completely resists.
The fire elemental misses you. The hell hound bites you!
* * * LOW HITPOINT WARNING * * *
The hell hound breathes flames at you. The blast of flame hits you!
You die...

.....................## ##...##
......................## ##......
.......................###.......
........................#........
..#..............................
.###.............................
## ##...........h................
# ##........E>.................
## ##.........h.@................
.###..................<..........
..#..............................
..).....................#........
(......................#.........
.(....................##.#.......
≈(...................###.PP....##
.≈........#............≈≈≈≈PP.###
(≈.......###........P≈≈≈≈≈♣≈≈.###


You could see a fire elemental and 2 hell hounds.

Vanquished Creatures
  The ghost of sentinel the Basher, a journeyman OgSk of Makhleb (D:10)
  A hydra (D:11)
  The ghost of mhilhors the Transmogrifier, a journeyman MfTm of Qazlal (D:9)
  Erica (D:10)
  A two-headed ogre (D:9)
  An oklob plant (D:9)
  Joseph (D:9)
  A gargoyle (D:10)
  A komodo dragon (D:9)
  The ghost of Execuda the Insei, a novice OpTm of Makhleb (D:5)
  Prince Ribbit (D:9)
  2 trolls
  A hippogriff (D:9)
  A shadow (D:11)
  Sigmund (D:5)
  A wraith (D:10)
  2 hungry ghosts
  2 soldier ants (D:8)
  Duvessa (D:4)
  3 orc warriors
  4 ice beasts
  2 necrophages
  2 sky beasts
  A black bear (D:10)
  3 ogres
  5 centaurs
  2 big kobolds
  3 bullfrogs
  Dowan (D:4)
  A water moccasin zombie (D:5)
  4 scorpions
  3 killer bees (D:8)
  4 wights (D:10)
  An electric eel (D:11)
  3 vampire bats (D:9)
  3 howler monkeys (D:11)
  4 centaur zombies (Ossuary)
  2 crimson imps
  A human zombie (Ossuary)
  A quasit (D:7)
  7 hounds
  2 orc priests
  A bullfrog skeleton (D:9)
  Jessica (D:2)
  5 iguanas
  11 orc wizards
  13 worker ants
  An ogre zombie (Ossuary)
  A big kobold zombie (Ossuary)
  A hound zombie (D:9)
  A hound skeleton (D:3)
  7 mummies (Ossuary)
  A howler monkey zombie (D:11)
  A worker ant zombie (D:9)
  Robin (D:4)
  14 gnolls
  12 adders
  4 shadow imps
  4 adder zombies (Ossuary)
  A worm (D:3)
  A dart slug (D:3)
  3 leopard geckos
  31 orcs
  2 ball pythons
  3 bat skeletons (D:9)
  3 bat zombies (D:9)
  3 giant cockroaches
  14 goblins
  10 hobgoblins
  10 jackals
  4 quokkas
  10 bats
  5 frilled lizards
  A gnoll zombie (Ossuary)
  4 goblin zombies (Ossuary)
  3 hobgoblin zombies (Ossuary)
  A jackal zombie (D:6)
  12 kobolds
  2 kobold zombies (Ossuary)
  A leopard gecko skeleton (D:7)
  2 orc zombies
  3 quokka zombies (Ossuary)
  8 rats
  5 rat zombies (Ossuary)
  A bush (D:9)
  3 fungi (D:9)
  10 plants
319 creatures vanquished.

Vanquished Creatures (others)
  A plant (D:9)
1 creature vanquished.

Grand Total: 320 creatures vanquished

Notes
Turn   | Place    | Note
-------+----------+-------------------------------------------
     0 | D:1      | Kiturien the Tengu Air Elementalist began the quest for the Orb.
     0 | D:1      | Reached XP level 1. HP: 10/10 MP: 4/4
   302 | D:1      | Gained mutation: Your spells are a little harder to cast, but a little more powerful. [potion of mutation]
   302 | D:1      | Gained mutation: Your flesh is cold resistant. (rC+) [potion of mutation]
   330 | D:1      | Reached XP level 2. HP: 11/15 MP: 3/6
   702 | D:1      | Found a shimmering altar of Xom.
  1033 | D:2      | Noticed Jessica
  1037 | D:2      | Killed Jessica
  1037 | D:2      | Reached XP level 3. HP: 7/19 MP: 2/8
  1126 | D:2      | Learned a level 2 spell: Swiftness
  1604 | D:3      | Reached XP level 4. HP: 24/24 MP: 6/10
  1923 | D:3      | Reached skill level 5 in Air Magic
  2012 | D:3      | Gained mutation: You can fly. [Tengu growth]
  2012 | D:3      | Reached XP level 5. HP: 28/28 MP: 7/11
  2193 | D:3      | Reached skill level 6 in Air Magic
  2605 | D:4      | Noticed Robin
  2605 | D:4      | Noticed an ogre
  2608 | D:4      | Killed Robin
  2616 | D:3      | Killed an ogre
  2616 | D:3      | Reached skill level 7 in Air Magic
  2616 | D:3      | Reached XP level 6. HP: 20/32 MP: 6/12
  2665 | D:3      | Learned a level 4 spell: Airstrike
  2669 | D:3      | Learned a level 3 spell: Static Discharge
  3206 | D:4      | Reached skill level 8 in Air Magic
  3502 | D:4      | Noticed Duvessa
  3512 | D:4      | Found a snail-covered altar of Cheibriados.
  3602 | D:4      | Killed Duvessa
  3602 | D:4      | Reached XP level 7. HP: 27/36 MP: 7/14
  3977 | D:4      | Noticed Dowan
  3997 | D:4      | Killed Dowan
  4072 | D:5      | Entered Level 5 of the Dungeon
  4090 | D:5      | Reached skill level 5 in Spellcasting
  4092 | D:5      | Noticed Execuda's ghost (novice OpTm)
  4134 | D:5      | Killed Execuda's ghost
  4134 | D:5      | Reached skill level 9 in Air Magic
  4134 | D:5      | Reached XP level 8. HP: 21/41 MP: 3/16
  4563 | D:5      | Noticed Sigmund
  4571 | D:5      | Killed Sigmund
  4571 | D:5      | Reached skill level 5 in Conjurations
  4966 | D:5      | Learned a level 5 spell: Lightning Bolt
  5286 | D:6      | Reached skill level 1 in Charms
  5439 | D:6      | Found a sand-covered staircase.
  5448 | Ossuary  | Entered an ossuary
  6073 | Ossuary  | Reached XP level 9. HP: 46/46 MP: 16/19
  6394 | D:6      | Learned a level 2 spell: Shroud of Golubria
  6398 | D:6      | Learned a level 3 spell: Regeneration
  6774 | D:6      | Found a hide-covered altar of Uskayaw.
  6792 | D:6      | Found a staircase to the Ecumenical Temple.
  6805 | Temple   | Entered the Ecumenical Temple
  6997 | Temple   | Became a worshipper of Vehumet
  7438 | D:7      | Found a glowing golden altar of the Shining One.
  7925 | D:7      | Reached * piety under Vehumet
  7925 | D:7      | Offered knowledge of Freeze by Vehumet.
  7935 | D:7      | Learned a level 1 spell: Freeze
  7984 | D:7      | Found Rogokk's Antique Weapon Shoppe.
  7989 | D:7      | Bought a polished hand crossbow for 195 gold pieces
  7989 | D:7      | Identified the +8 hand crossbow of a bazaar {elec, +Inv Str+2 Stlth+} (You bought it in a shop on level 7 of the Dungeon)
  8971 | D:8      | Found Rirphit's Magic Scroll Boutique.
  9019 | D:8      | Noticed a two-headed ogre
  9025 | D:8      | Noticed a two-headed ogre
  9443 | D:8      | Found Hidiy's Armour Boutique.
  9507 | D:8      | Found an iron altar of Okawaru.
  9518 | D:8      | Found Wybal's Gadget Shoppe.
  9648 | D:8      | Reached skill level 1 in Fighting
  9833 | D:8      | Reached skill level 1 in Crossbows
  9833 | D:8      | Reached XP level 10. HP: 44/52 MP: 16/24
 10088 | D:9      | Reached skill level 10 in Air Magic
 10191 | D:9      | Noticed a two-headed ogre
 10196 | D:9      | Killed a two-headed ogre
 10237 | D:9      | Found an opulent altar of Gozag.
 10659 | D:9      | Found a staircase to the Lair.
 10913 | D:9      | Found an ancient bone altar of Kikubaaqudgha.
 10917 | D:9      | Reached ** piety under Vehumet
 10922 | D:9      | Offered knowledge of Flame Tongue by Vehumet.
 10925 | D:9      | Learned a level 1 spell: Flame Tongue
 10996 | D:9      | Noticed Prince Ribbit
 11004 | D:9      | Killed Prince Ribbit
 11048 | D:9      | Noticed mhilhors's ghost (journeyman MfTm)
 11089 | D:9      | Killed mhilhors's ghost
 11253 | D:9      | Found a blossoming altar of Fedhas.
 11253 | D:9      | Noticed Joseph
 11279 | D:9      | HP: 2/58 [Joseph/sling bullet (4)]
 11293 | D:9      | Killed Joseph
 11293 | D:9      | Reached skill level 10 in Spellcasting
 11447 | D:9      | Noticed an oklob plant
 11638 | D:9      | Killed an oklob plant
 11638 | D:9      | Reached skill level 5 in Fighting
 11925 | D:9      | Reached skill level 1 in Translocations
 11942 | D:10     | Entered Level 10 of the Dungeon
 11942 | D:10     | Noticed a gargoyle
 11950 | D:10     | Killed a gargoyle
 11950 | D:10     | Reached XP level 11. HP: 38/64 MP: 13/26
 12229 | D:10     | Reached skill level 1 in Ice Magic
 12259 | D:10     | Noticed sentinel's ghost (journeyman OgSk)
 12290 | D:10     | Killed sentinel's ghost
 12290 | D:10     | Reached skill level 1 in Necromancy
 12290 | D:10     | Reached skill level 1 in Fire Magic
 12630 | D:10     | Offered knowledge of Inner Flame by Vehumet.
 12666 | D:10     | Learned a level 3 spell: Inner Flame
 12981 | D:11     | Reached *** piety under Vehumet
 13415 | D:11     | Reached skill level 1 in Hexes
 13878 | D:11     | Noticed Erica
 14274 | D:10     | Killed Erica
 14274 | D:10     | Reached skill level 11 in Air Magic
 14400 | D:11     | Noticed an eight-headed hydra
 14434 | D:11     | Killed an eight-headed hydra
 14703 | D:11     | Offered knowledge of Conjure Flame by Vehumet.
 14708 | D:11     | Learned a level 3 spell: Conjure Flame
 14832 | D:12     | Noticed Oki's ghost (journeyman OpMo)
 14876 | D:12     | Noticed Azrael
 14882 | D:11     | Killed from afar by a hell hound

Vault maps used:
D:1:      tarquinn_simple_flora_water_a, xom_teletrap_fun
D:2:      first_bread, uniq_jessica
D:4:      cheibriados_altar_1, uniq_duvessa, uniq_robin
D:5:      uniq_sigmund
D:6:      kennysheep_mini, minmay_temple_entry_poolview, enter_ossuary_3
D:7:      old_standard_altar, serial_shops, shop
D:8:      lemuel_doored_altar, serial_shops, shop, kennysheep_mini_moat, shop,
          hangedman_pestilent_swarm, minivault_12
D:9:      tgw_fedhas, kennysheep_vampire_church, nicolae_overflow_hidden_temple,
          david_lair_shrubbed, serial_bayou_pond_e, uniq_joseph,
          uniq_prince_ribbit1
D:10:     kennysheep_generic_room_10
D:11:     serial_bayou, serial_bayou_pond_b, serial_bayou_crossing,
          serial_bayou_pond_a, serial_bayou_pond_c, uniq_erica
D:12:     hiddenorc1_lemuel, uniq_snorg, uniq_azrael
Temple:   minmay_temple_curvy_branch
Ossuary:  ossuary_boxes_badplayer

Skill      XL: |  1  2  3  4  5  6  7  8  9 10 11 |
---------------+----------------------------------+-----
Spellcasting   | 3 4 5 6 9 10 | 10.9
Air Magic      | 5 7 8 9 10 11 | 11.3
Conjurations   | 2 4 5 6 7 |  7.7
Charms         | 2 3 |  3.5
Dodging        | 3 |  3.3
Fighting       | 1 5 |  5.2
Crossbows      | 1 3 |  3.2
Translocations | 1 2 |  2.0
Ice Magic      | 1 |  1.8
Necromancy     | 2 |  2.1
Fire Magic     | 2 |  2.1
Hexes          | 2 |  2.1
Stealth        | |  2.3

Action                   |  1- 3 |  4- 6 |  7- 9 | 10-12 || total
-------------------------+-------+-------+-------+-------++-------
Melee: Unarmed           |     5 |       |       |       ||     5
       Kick              |     2 |     1 |     1 |    66 ||    70
       Peck              |     1 |       |     1 |    39 ||    41
       Dagger            |       |     8 |     1 |       ||     9
       Rapier            |       |       |    19 |   163 ||   182
       Hand crossbow     |       |       |       |     1 ||     1
 Fire: Hand crossbow     |       |       |     6 |    80 ||    86
 Cast: Shock             |    45 |    85 |   378 |   259 ||   767
       Airstrike         |       |     3 |    11 |    21 ||    35
       Swiftness         |       |     2 |     1 |     7 ||    10
       Static Discharge  |       |     1 |       |    28 ||    29
       Shroud of Golubri |       |       |     2 |     6 ||     8
       Regeneration      |       |       |     1 |     1 ||     2
       Lightning Bolt    |       |       |       |    11 ||    11
       Freeze            |       |       |       |     1 ||     1
       Flame Tongue      |       |       |       |     1 ||     1
Evoke: Wand              |       |       |       |     1 ||     1
  Use: Scroll            |     4 |     2 |    13 |     8 ||    27
       Potion            |     1 |       |       |     4 ||     5
 Stab: Sleeping          |       |       |     1 |       ||     1
  Eat: Chunk             |     3 |     6 |    12 |    16 ||    37
       Bread ration      |       |       |     2 |       ||     2
       Fruit             |       |       |     1 |       ||     1
       Royal jelly       |       |       |       |     2 ||     2
Armor: Robe              |     5 |     4 |    16 |    13 ||    38
Dodge: Dodged            |     4 |    41 |   118 |   103 ||   266
       Deflected         |       |       |     5 |    14 ||    19
